Map: Proxima Station LE

Players

Lambo - Winner!

  • Race: Zerg Zerg
  • Spawn Location: 1:00

Arnovic

  • Race: Protoss Protoss
  • Spawn Location: 7:00

Event: WCS Valencia 2017

VOD

Have the link to the VOD?

Description

Time

  • Played on: July 13, 2017, 6:44 a.m.
  • Length: 8:51

All games in this series

Show
View Real Time Build Order
Export as new Build Order

Lambo Zerg - Winner!

Build Orders: Hatch First 

Get SALT Encoding   

  12  0:00  Drone  
  13  0:14  Overlord  
  13  0:17  Drone  
  14  0:32  Drone  
  14  0:33  Drone  
  16  0:37  Drone  
  17  0:52  Hatchery  
  17  0:55  Drone  
  17  1:00  Drone  
  18  1:09  Extractor  
  17  1:15  Spawning Pool  
  17  1:17  Drone  
  17  1:21  Drone  
  18  1:30  Drone  
  19  1:41  Overlord  
  19  1:52  Drone  
  20  2:02  Queen  
  20  2:03  Zergling x2  
  20  2:06  Queen, Zergling x2  
  26  2:10  Metabolic Boost  
  26  2:13  Drone  
  26  2:15  Drone  
  28  2:26  Drone x2  
  30  2:38  Hatchery  
  30  2:40  Drone  
  30  2:45  Drone  
  30  2:47  Drone  
  32  2:54  Drone  
  32  2:55  Pneumatized Carapace  
  33  2:59  Overlord  
  33  3:02  Drone  
  34  3:08  Drone  
  34  3:12  Drone  
  36  3:18  Overlord  
  36  3:19  Drone x3  
  39  3:20  Drone  
  39  3:26  Queen  
  42  3:30  Drone  
  42  3:31  Drone  
  44  3:37  Spore Crawler  
  44  3:38  Drone  
  44  3:39  Evolution Chamber  
  44  3:40  Drone  
  44  3:42  Drone  
  44  3:44  Queen  
  44  3:47  Drone  
  48  3:50  Spore Crawler  
  48  3:51  Drone  
  48  3:53  Drone  
  49  3:56  Drone  
  49  3:59  Drone  
  49  4:00  Spore Crawler  
  49  4:02  Overlord  
  50  4:04  Drone  
  50  4:07  Zerg Melee Weapons Level 1  
  51  4:11  Queen  
  51  4:14  Drone  
  54  4:19  Drone x2  
  54  4:20  Drone  
  54  4:23  Overlord  
  57  4:26  Drone x3  
  57  4:31  Baneling Nest, Extractor  
  58  4:36  Drone x2  
  60  4:39  Overlord  
  60  4:47  Drone x3  
  60  4:50  Overlord  
  63  4:53  Overlord  
  63  4:54  Overlord  
  63  4:55  Overlord  
  63  4:56  Zergling x2, Drone x2  
  63  4:57  Zergling x2  
  63  4:58  Drone  
  67  5:02  Zergling x2  
  67  5:03  Zergling x2  
  69  5:08  Zergling x6  
  69  5:10  Lair  
  69  5:13  Zergling x2  
  73  5:16  Zergling x4  
  73  5:21  Zergling x10  
  80  5:22  Extractor  
  80  5:24  Overlord  
  80  5:26  Zergling x4  
  81  5:31  Overlord  
  81  5:32  Zergling x2  
  81  5:35  Baneling x7  
  82  5:36  Zergling x2  
  82  5:37  Zergling x4  
  82  5:42  Baneling x2  
  85  5:46  Zergling x6  
  85  5:47  Baneling  
  88  5:50  Overlord  
  88  5:51  Drone x2  
  88  5:52  Drone x2  
  88  5:53  Hatchery  
  88  5:56  Baneling x2  
  91  5:58  Zergling x2  
  91  5:59  Zergling x6  
  91  6:03  Zergling x2  
  96  6:06  Baneling x2  
  96  6:10  Zergling x2  
  96  6:11  Zergling x2  
  93  6:15  Zergling x8  
  86  6:20  Drone x2  
  89  6:25  Drone x2  
  89  6:26  Extractor, Drone x3, Hydralisk Den  
  89  6:29  Zergling x4  
  89  6:30  Extractor  
  92  6:38  Drone x2  
  94  6:40  Extractor  
  94  6:43  Overlord  
  92  6:49  Overlord  
  92  6:51  Drone x2  
  94  7:01  Overlord x2  
  94  7:02  Zergling x2  
  94  7:03  Zergling x16  
  94  7:08  Baneling x4, Overlord  
  103  7:12  Muscular Augments, Overlord  
  103  7:16  Hydralisk  
  103  7:17  Zergling x4  
  103  7:20  Overlord  
  103  7:21  Drone x2  
  109  7:23  Overlord  
  109  7:27  Drone x4  
  109  7:28  Drone x2  
  115  7:30  Spore Crawler, Queen  
  115  7:33  Drone  
  115  7:36  Baneling x2  
  115  7:37  Baneling x2, Overlord  
  117  7:43  Overlord  
  112  7:44  Hydralisk x4  
  112  7:48  Overlord  
  112  7:50  Hydralisk x2  
  112  7:51  Hydralisk  
  118  7:53  Overlord  
  118  7:56  Drone  
  118  7:57  Evolution Chamber  
  118  7:58  Hydralisk  
  120  8:00  Zergling x2  
  120  8:01  Overlord  
  120  8:05  Hydralisk, Zergling x2  
  124  8:06  Zergling x2  
  124  8:08  Overlord  
  124  8:11  Hydralisk x2  
  124  8:12  Zergling x2  
  127  8:18  Drone x2  
  124  8:20  Hydralisk x2, Zergling x4  
  124  8:21  Zergling x2  
  124  8:23  Hydralisk  
  124  8:26  Hydralisk, Zergling x4  
Show
View Real Time Build Order
Export as new Build Order

Arnovic Protoss 

Build Orders: Nexus First, Oracle Opening 

Get SALT Encoding   

  12  0:00  Probe (Chrono Boost)  
  13  0:11  Probe (Chrono Boost)  
  14  0:22  Probe (Chrono Boost)  
  14  0:25  Pylon  
  15  0:43  Probe (Chrono Boost)  
  16  0:54  Probe (Chrono Boost)  
  17  0:58  Nexus  
  17  1:09  Gateway  
  17  1:12  Probe (Chrono Boost)  
  17  1:17  Assimilator  
  18  1:22  Probe (Chrono Boost)  
  18  1:25  Assimilator  
  19  1:33  Probe (Chrono Boost)  
  19  1:36  Pylon  
  20  1:43  Probe (Chrono Boost)  
  22  1:54  Probe (Chrono Boost)  
  22  1:58  Cybernetics Core  
  22  2:05  Probe (Chrono Boost)  
  23  2:15  Probe (Chrono Boost)  
  24  2:16  Probe (Chrono Boost)  
  25  2:26  Probe (Chrono Boost)  
  25  2:27  Probe (Chrono Boost), Warp Gate (Chrono Boost)  
  27  2:34  Adept (Chrono Boost)  
  27  2:36  Probe  
  30  2:38  Probe  
  30  2:40  Stargate  
  31  2:48  Probe  
  31  2:50  Probe  
  35  2:58  Adept (Chrono Boost)  
  35  3:00  Probe  
  35  3:04  Gateway  
  36  3:07  Gateway  
  36  3:08  Probe  
  36  3:13  Probe  
  36  3:19  Oracle (Chrono Boost)  
  37  3:21  Probe  
  37  3:27  Probe  
  41  3:28  Adept  
  44  3:34  Pylon  
  44  3:35  Probe  
  44  3:40  Pylon, Probe  
  46  3:49  Twilight Council  
  46  3:51  Assimilator  
  46  3:52  Probe x2  
  46  3:55  Adept (Chrono Boost)  
  50  3:59  Adept (Chrono Boost)  
  52  4:04  Probe  
  52  4:05  Phoenix  
  52  4:08  Probe  
  56  4:12  Pylon  
  56  4:16  Probe  
  57  4:20  Probe  
  58  4:27  Resonating Glaives (Chrono Boost)  
  58  4:38  Nexus  
  58  4:39  Adept x2  
  58  4:41  Pylon  
  62  4:45  Adept  
  62  4:48  Probe  
  62  4:54  Probe  
  63  5:00  Probe  
  63  5:02  Pylon  
  63  5:05  Adept x3  
  70  5:09  Probe  
  70  5:13  Probe  
  72  5:21  Probe  
  73  5:25  Probe  
  73  5:28  Adept x3  
  80  5:33  Probe, Assimilator  
  81  5:37  Mothership Core  
  83  5:42  Pylon  
  83  5:44  Forge  
  83  5:45  Probe  
  84  5:50  Probe  
  84  5:55  Zealot  
  84  5:56  Sentry x2  
  91  5:57  Probe, Gateway  
  91  5:58  Gateway  
  91  6:03  Probe  
  91  6:14  Charge (Chrono Boost)  
  67  6:18  Probe  
  67  6:19  Probe  
  67  6:20  Sentry x2  
  67  6:21  Probe  
  67  6:23  Assimilator  
  67  6:25  Templar Archives, Protoss Ground Weapons Level 1 (Chrono Boost)  
  70  6:28  Assimilator  
  70  6:32  Pylon  
  70  6:33  Probe  
  70  6:34  Robotics Facility  
  70  6:35  Probe  
  70  6:36  Probe  
  70  6:39  Phoenix  
  73  6:41  Pylon  
  73  6:45  Probe x2, Gateway  
  74  6:47  Gateway  
  74  6:48  Probe  
  74  6:50  Robotics Facility  
  74  6:53  Psionic Storm  
  76  6:56  Probe  
  76  6:57  Probe  
  76  7:00  Probe  
  79  7:06  Probe  
  80  7:09  Probe  
  80  7:13  Gateway  
  80  7:15  Gateway  
  81  7:16  Gateway  
  81  7:21  Stalker  
  83  7:33  Probe  
  83  7:36  Pylon, Probe  
  85  7:37  Pylon  
  85  7:40  Zealot  
  85  7:41  Zealot  
  85  7:42  Sentry x2  
  82  7:47  Zealot  
  82  7:52  Probe, Warp Prism (Chrono Boost)  
  82  7:53  Observer (Chrono Boost)  
  82  7:56  Sentry  
  82  7:58  Stalker  
  90  8:01  Stalker x2  
  92  8:10  Zealot x2  
  92  8:11  Probe  
  93  8:15  Probe x2  
  90  8:21  Zealot  
  77  8:34  High Templar x2  
  75  8:38  Probe  
  77  8:48  Zealot  
Tags
 
Add a new tag
Caveats
  • Supply blocks, unpowered buildings, or Contaminate may cause inaccurate times.
  • Supply counts are checked every 10 seconds.